Workbook
Name достаточность: #REF!
Name ОКРУГЛ: баланс!#REF!

Sheet Заявка
A1: ЗАЯВКА* на участие в конкурсе инвестиционных проектов, бизнес-проектов субъектов малого (среднего) предпринимательства (коммерческие организации), претендующих на получение финансовой поддержки (далее - Заявитель) в Белорусском фонде финансовой поддержки предпринимателей (примерная форма)
A2: 1. Данные Заявителя
A3: 1.1. Полное наименование (согласно Устава, свидетельства)
A5: Сокращенное наименование (согласно Устава, свидетельства)
A7: 1.2. УНП
A8: 1.2.1. Дата создания организации (государственной регистрации)
A9: 1.2.2. Фактический срок работы организации на рынке
A10: 1.3. Информация о видах деятельности, уставный фонд, лицензии:
A11: Основной вид деятельности
A12: ОКЭД:
A13: Доля в общем объеме выручки %
A14: Сезонность деятельности организации (указать месяцы уменьшения выручки (если есть))
A15: Второй вид деятельность (ОКЭД) | H15: Иные виды деятельности (ОКЭД)
A17: Доля в общем объеме выручки % | H17: Доля в общем объеме выручки %
A19: Лицензируемые виды деятельности (Да/Нет):
A21: Вид лицензии, №, срок действия, кем выдана
A23: Уставный фонд (размер, руб.) (для организаций)
A24: Распределение уставного фонда заявителя:
A25: Ф.И.О. (Полностью)/ Полное наименование организации | F25: Доля в УФ, % | G25: Идентификационный (личный) номер/ УНП
A35: Наименование организаций, акционером (учредителем) которых является заявитель, доля в уставном фонде:
A36: Дата государственной регистрации
A37: 1.4. Местонахождение заявителя
A38: 1.4.1. Дополнительный (-ые) адрес (-а) местонахождения (ведения бизнеса) при его (их) наличии
A39: Наименование объекта | F39: Адрес | J39: В собственности/арендуемое помещение
M40: Собственное
M41: Арендуемое
A49: 1.5. Связанные с Заявителем лица (общими учредителями (участниками) и /или лицом, оказывающим влияние на принятие субъектом МСП решений, а также в случаях, когда учредителями (участниками) субъектов МСП являются физические лица, состоящие в соответствии с законодательством в брачных отношениях или отношениях близкого родства или свойства)
A50: Полное наименование юридического лица, ФИО (Полностью) физического лица | F50: УНП/ идентификационный номер | H50: Дата создания | I50: Вид деятельности | K50: Доля в уставном фонде или иной характер связи
A56: 1.6. Официальный сайт (в случае его наличия)
A57: 1.6.1. E-mail
A58: 1.7. Информация о текущих (расчетных) счетах:
A59: Наименование банка | H59: № счетов | L59: Валюта счета
A72: 1.8. Информация о руководителе:
A73: Директор (Ф.И.О. без сокращений) | M73: ёт
A74: рабочий телефон
A75: мобильный телефон
A76: Дата рождения
A77: Место рождения
A78: Паспортные данные: серия, №, дата выдачи, срок действия, кем выдан, личный номер
A79: Адрес регистрации, телефон
A80: Адрес проживания (в случае отличия от адреса регистрации), телефон
A81: Контракт (трудовой договор, др.), №, дата, срок действия
A82: 1.9. Информация о главном бухгалтере:
A83: Гл. бухгалтер (Ф.И.О. без сокращений)
A84: рабочий телефон
A85: мобильный телефон
... A97: 1.11. Автоматизация процессов в организации (указать Да/Нет, в случае если "Да" - указать программное обеспечение используемое на организации для учета фин.деятельности, системы продаж, оказания услуг, производства, постановки задач сотрудникам и т.д.).
M98: Да
A99: Указать наименование ПО используемого в организации | M99: Нет
A101: 1.12. Доли в уставном фонде Заявителя (указывать в %)
A102: Показатель | G102: %
A103: Доля в уставном фонде - всего | G103: =SUM(G105:L109) -> 0
A104: в том числе:
A105: Доля в уставном фонде Республики Беларусь и ее административно-территориальных единиц
A106: Доля в уставном фонде иностранных юридических лиц, иностранных граждан и лиц без гражданства
A107: Доля в уставном фонде общественных объединений (за исключением общественных объединений инвалидов), союзов (ассоциаций)
A108: Доля в уставном фонде одного или нескольких юридических лиц, не являющихся субъектами малого (среднего) предпринимательства, либо которые входят в состав холдингов с участием государства, иностранных юридических лиц, иностранных физических лиц и лиц без гражданства, не имеющих разрешений на постоянное проживание в Республике Беларусь
A109: Прочие
A110: 1.13. Соответствие вида деятельности установленным критериям:
A111: Критерии | J111: Да/Нет (Выбрать)
A112: Субъект малого (среднего) предпринимательства является банком, небанковской кредитно-финансовой организацией, страховой организацией, профессиональным участником рынка ценных бумаг, ломбардом
A113: Субъект малого (среднего) предпринимательства является участником концессионных договоров (соглашений) о разделе продукции, заключенных с иностранными инвесторами в порядке, определенном законодательством
A114: Субъект малого (среднего) предпринимательства осуществляет деятельность в сфере игорного бизнеса, лотерейной деятельности, электронных интерактивных игр, производство и реализацию подакцизных товаров, добычу полезных ископаемых, за исключением общераспространенных полезных ископаемых
A115: Характеристика Заявителя | J115: Да/Нет (Выбрать)
A116: Субъект малого (среднего) предпринимательства находится в процессе реорганизации, ликвидации (прекращения деятельности), либо в отношении которых возбуждено производство по делу о банкротстве
A117: Со дня нарушений условий оказания государственной финансовой поддержки не прошло три года
A118: Имеются на первое число месяца, предшествующего месяцу обращения за оказанием государственной финансовой поддержки, задолженность по исполнительным производствам, налогам, сборам (пошлинам), пеням и иным обязательным платежам в бюджет и бюджет государственного внебюджетного фонда социальной защиты населения Республики Беларусь
A119: Имеются чистые убытки (стр. 210 отчета о прибылях и убытках) и/или непокрытый убыток (стр. 460 бухгалтерского баланса) за последний отчетный период, предшествующий дате обращения за оказанием государственной финансовой поддержки | M119: Да
A120: 2. Финансовые показатели Заявителя | M120: Нет
A121: 2.1. Предельное значение объема валовой выручки*, за календарный год предшествующий дате Заявки (обращения в Фонд). * Объем валовой выручки определяется в зависимости от применяемого организацией порядка (режима) налогообложения как сумма, являющаяся для организации налоговой базой налога при упрощенной системе налогообложения (единого налога для производителей сельскохозяйственной продукции), а также учитываемая при определении налоговой базы налога на прибыль этой организации сумма выручки от реализации товаров (работ, услуг), имущественных прав, иных (внереализационных) доходов, уменьшенная на сумму налогов (сборов), исчисляемых из выручки и не составляющих внереализационные расходы». | M121: УСН
A122: Указать значение в базовых величинах:
A123: 2.2. Значение выручки от реализации товаров (работ, услуг) (без НДС) по периодам, руб.
A124: За 20__ г. | H124: За 20__ г.
A125: 1 квартал | C125: 2 квартал | E125: 3 квартал | G125: 4 квартал | H125: 1 квартал | I125: 2 квартал | J125: 3 квартал | K125: 4 квартал
A127: 2.3. Поступления на счета за последние 12 месяцев (полных) от покупателей, заказчиков (месяц/сумма в руб.)
A128: 1 | B128: 2 | C128: 3 | D128: 4 | E128: 5 | F128: 6 | G128: 7 | H128: 8 | I128: 9 | J128: 10 | K128: 11 | L128: 12
A130: 2.4. Информация финансово-хозяйственной деятельности (на 1-е число месяца подачи заявки (дату указать))
A131: 2.4.1. Сведения об основных (свыше 5% от общей суммы) контрагентах в руб. (Дебиторы и Кредиторы):
A132: Наименование организации (страна нахождения) | F132: Описание (за что) | G132: Условия расчетов (по факту поставки, предоплата, отсрочка (кол-во дней), иное) | H132: Валюта расчетов | I132: Сумма на 1-е число месяца подачи заявки | J132: Просроченная задолженность | K132: Дата образования (просроченной задолженности) | L132: Принимаемые меры по взысканию просроченной задолженности
A133: Основные дебиторы
A139: Прочие
A140: Итого | I140: =SUM(I134:I139) -> 0 | J140: =SUM(J134:J139) -> 0
A141: Основные кредиторы
A149: Прочие
A150: Итого | I150: =SUM(I142:I149) -> 0 | J150: =SUM(J142:J149) -> 0
A151: 2.4.2. Сведения о кредитах, займах, иных обязательствах на 1-е число месяца подачи заявки (перед бюджетом, иными контрагентами) в руб.:
A152: Наименование контрагента | F152: Вид сделки | G152: Сумма (первоначальная) | H152: Остаток задолженности | I152: Валюта | J152: Срок действия с__ по__ | K152: % ставка | L152: Сумма ежемесячного погашения (пример: основной долг+%)
A163: Прочие
A164: Итого | G164: =SUM(G153:G163) -> 0 | H164: =SUM(H153:H163) -> 0 | L164: =SUM(L153:L163) -> 0
A165: 2.4.3. Сведения об имуществе заявителя
A166: Наименование имущества | G166: Год выпуска | H166: Площадь в кв.м. (для зданий/помещений) | I166: Место нахождение | J166: Подробное описание
A175: 2.4.4. Сведения об имуществе заявителя, ранее переданном в залог
A176: Залогодержатель | G176: Вид залога | H176: Год выпуска | I176: Срок действия договора залога с__по__ | J176: Подробное описание
A181: Данные по экспорту/импорту
A182: Объем реализации за последние 4 квартала | G182: Всего, в эквиваленте в руб. | J182: В том числе экспорт / импорт, в эквиваленте руб.
A184: Прочая информация по заявителю
A185: Отнесенная на расходы амортизация за 4 последних квартала (руб.)
A186: Отнесенные на себестоимость проценты за 4 последних квартала
A187: Является ли запрашиваемая активная операция крупной сделкой? (Да/Нет)
A188: Наличие кредитов (иных активных операций) предоставленных за счет средств Банка Развития РБ? (Да/Нет)
...

Sheet Фин.показатели ТЭО
A1: Приложение №1: Финансово-экономические показатели по ТЭО
A3: __ __________/20___г.
A4: 1. Затраты на реализацию инвестиционного, бизнес проекта
A5: Для проектов финансируемых в рамках конкурсного отбора и финансируемых в рамках финансового продукта «Сильные регионы» | F5: Для проектов финансируемых за счет иных источников
A6: №п/п | B6: Вид затрат | C6: Всего, тыс.руб. | D6: В т.ч. средства Фонда, тыс.руб. | F6: №п/п | G6: Вид затрат | I6: Всего, тыс.руб. | J6: В т.ч. средства Фонда, тыс.руб.
A7: 1.1. | B7: Затраты: | C7: =SUM(C8:C12) -> 0 | D7: =SUM(D8:D12) -> 0 | F7: 1.1. | G7: Затраты: | I7: =SUM(I8:I12) -> 0 | J7: =SUM(J8:J12) -> 0
A8: 1.1.1. | B8: =Заявка!A202 -> возведение, реконструкция, модернизация, техническая модернизация, ремонт капитальных строений (зданий, сооружений), изолированных помещений, проведение ремонтно-реставрационных работ и монтажа всех видов оборудования; | F8: 1.1.1. | G8: Финансирование затрат субъектов МСП на строительство (возведение, реконструкция, модернизация, капитальный ремонт), приобретение основных средств и/или финансирование затрат субъектов МСП на приобретение нематериальных активов (франшизы) для их производственной деятельности или деятельности по оказанию услуг.
A9: 1.1.2. | B9: =Заявка!A203 -> приобретение капитальных строений (зданий, сооружений), изолированных помещений;
A10: 1.1.3. | B10: =Заявка!A204 -> приобретение машин и оборудования, транспортных средств, специальных устройств и приспособлений, инструментов;
A11: 1.1.4. | B11: =Заявка!A205 -> приобретение комплектующих изделий, сырья, материалов, программного обеспечения (его обновления), товаров (работ, услуг) для собственного производства продукции (товаров, выполнения работ, оказания услуг); | F11: 1.1.2. | G11: Финансирование текущей деятельности субъектов МСП (с учетом дополнительных условий спецификации), за исключением оплаты заработной платы работникам и связанных с ней платежей в соответствии с законодательством.
A12: 1.1.5. | B12: Иное
A14: 2. Программа производства и реализиции продукции (услуг, работ)
A15: № п/п | B15: Наименование показателей | C15: Наименование продукции, услуги, работ | D15: Базовый год - указать* | E15: 1 год (период) - указать** | F15: 2 год (период) - указать** | H15: 3 год (период) - укакзать** | I15: 4 год (период) - указать** | J15: 5 год (период) - указать**
A16: 2.1. | B16: Использование производственных (технических, иных) мощностей с учетом проекта, итого (тыс.руб.): | D16: =D18+D20+D22+D24 -> 0 | E16: =E18+E20+E22+E24 -> 0 | F16: =F18+F20+F22+F24 -> 0 | H16: =H18+H20+H22+H24 -> 0 | I16: =I18+I20+I22+I24 -> 0 | J16: =J18+J20+J22+J24 -> 0
B17: % | D17: =D19+D21+D23+D25 -> #DIV/0! | E17: =E19+E21+E23+E25 -> #DIV/0! | F17: =F19+F21+F23+F25 -> #DIV/0! | H17: =H19+H21+H23+H25 -> #DIV/0! | I17: =I19+I21+I23+I25 -> #DIV/0! | J17: =J19+J21+J23+J25 -> #DIV/0!
A18: Основная продукция, услуга, работа А (тыс.руб.)
A19: % | D19: =D18/D$16*100 -> #DIV/0! | E19: =E18/E$16*100 -> #DIV/0! | F19: =F18/F$16*100 -> #DIV/0! | H19: =H18/H$16*100 -> #DIV/0! | I19: =I18/I$16*100 -> #DIV/0! | J19: =J18/J$16*100 -> #DIV/0!
A20: Основная продукция, услуга, работа Б (тыс.руб.)
A21: % | D21: =D20/D$16*100 -> #DIV/0! | E21: =E20/E$16*100 -> #DIV/0! | F21: =F20/F$16*100 -> #DIV/0! | H21: =H20/H$16*100 -> #DIV/0! | I21: =I20/I$16*100 -> #DIV/0! | J21: =J20/J$16*100 -> #DIV/0!
A22: Основная продукция, услуга, работа В (тыс.руб.)
A23: % | D23: =D22/D$16*100 -> #DIV/0! | E23: =E22/E$16*100 -> #DIV/0! | F23: =F22/F$16*100 -> #DIV/0! | H23: =H22/H$16*100 -> #DIV/0! | I23: =I22/I$16*100 -> #DIV/0! | J23: =J22/J$16*100 -> #DIV/0!
A24: Прочая продукция, услуга, работа (прочее) (тыс.руб.)
A25: % | D25: =D24/D$16*100 -> #DIV/0! | E25: =E24/E$16*100 -> #DIV/0! | F25: =F24/F$16*100 -> #DIV/0! | H25: =H24/H$16*100 -> #DIV/0! | I25: =I24/I$16*100 -> #DIV/0! | J25: =J24/J$16*100 -> #DIV/0!
A26: 2.2. | B26: Объем реализации продукции (услуг, работ) | D26: =D15 -> Базовый год - указать* | E26: =E15 -> 1 год (период) - указать** | F26: =F15 -> 2 год (период) - указать** | H26: =H15 -> 3 год (период) - укакзать** | I26: =I15 -> 4 год (период) - указать** | J26: =J15 -> 5 год (период) - указать**
B27: в тыс. руб. | D27: =C36 -> 0 | E27: =D36 -> 0 | F27: =E36 -> 0 | H27: =F36 -> 0 | I27: =H36 -> 0 | J27: =I36 -> 0
B28: Внутрений рынок, % | D28: =100-D29 -> 100 | E28: =100-E29 -> 100 | F28: =100-F29 -> 100 | H28: =100-H29 -> 100 | I28: =100-I29 -> 100 | J28: =100-J29 -> 100
B29: Экспорт, % | D29: 0 | E29: 0 | F29: 0 | H29: 0 | I29: 0 | J29: 0
A30: * Базовый год - это полный календарный закрытый год (например: получение финансирование планируется в ноябре 2026 г., базовый год - 2025 г.)
A31: ** Период - это плановый период по развитию организации с учетом проекта (например: организация планирует получить финансирование в ноябре 2026 года - 1 год (период) будет ноябрь 2026 - октябрь 2027 и т.д.)
A33: 3. Основные показатели деятельности субъекта малого (среднего) предпринимательства в период реализации инвестиционного проекта, бизнес проекта (тыс.руб.)
A34: № | B34: Наименование показателей | C34: =D15 -> Базовый год - указать* | D34: =E15 -> 1 год (период) - указать** | E34: =F15 -> 2 год (период) - указать** | F34: =H15 -> 3 год (период) - укакзать** | H34: =I15 -> 4 год (период) - указать** | I34: =J15 -> 5 год (период) - указать**
A35: п/п
A36: 3.1. | B36: Выручка от реализации товаров, продукции, работ, услуг.
A37: 3.2. | B37: Налоги и сборы, включаемые в выручку от реализации товаров, продукции, работ, услуг.
A38: 3.3. | B38: Выручка от реализации товаров, продукции, работ, услуг (без НДС) | C38: =C36-C37 -> 0 | D38: =D36-D37 -> 0 | E38: =E36-E37 -> 0 | F38: =F36-F37 -> 0 | H38: =H36-H37 -> 0 | I38: =I36-I37 -> 0
A39: 3.4. | B39: Себестоимость реализованных товаров, продукции, работ, услуг. (расшифровать) | C39: =SUM(C40:C44) -> 0 | D39: =SUM(D40:D44) -> 0 | E39: =SUM(E40:E44) -> 0 | F39: =SUM(F40:G44) -> 0 | H39: =SUM(H40:H44) -> 0 | I39: =SUM(I40:I44) -> 0
A40: 3.4.1.
A41: 3.4.2.
A42: 3.4.3.
A43: 3.4.4.
A44: 3.4.5.
A45: 3.5. | B45: Управленческие расходы
A46: 3.4. | B46: Иные расходы
A47: 3.5. | B47: Прибыль (убыток) от реализации товаров, продукции, работ, услуг (ст.3.1.-ст.3.2.-ст.3.3-ст.3.4). | C47: =C38-C39-C45-C46 -> 0 | D47: =D38-D39-D45-D46 -> 0 | E47: =E38-E39-E45-E46 -> 0 | F47: =F38-F39-F45-F46 -> 0 | H47: =H38-H39-H45-H46 -> 0 | I47: =I38-I39-I45-I46 -> 0
A48: 3.6. | B48: Рентабельность продаж | C48: =C47/C38 -> #DIV/0! | D48: =D47/D38 -> #DIV/0! | E48: =E47/E38 -> #DIV/0! | F48: =F47/F38 -> #DIV/0! | H48: =H47/H38 -> #DIV/0! | I48: =I47/I38 -> #DIV/0!
A49: 3.7. | B49: Прочие расходы
A50: 3.8. | B50: Прочие доходы
A51: 3.9. | B51: Прибыль (убыток) до налогообложения (ст.3.5.+ ст.3.8.-ст.3.7.). | C51: =C47-C49+C50 -> 0 | D51: =D47-D49+D50 -> 0 | E51: =E47-E49+E50 -> 0 | F51: =F47-F49+F50 -> 0 | H51: =H47-H49+H50 -> 0 | I51: =I47-I49+I50 -> 0
A52: 3.10. | B52: Налог на прибыль.
A53: 3.11. | B53: Прочие налоги, сборы из прибыли.
A54: 3.12. | B54: Чистая прибыль (убыток) (ст.3.9.-ст.3.10.-ст.3.11.). | C54: =C51-C52-C53 -> 0 | D54: =D51-D52-D53 -> 0 | E54: =E51-E52-E53 -> 0 | F54: =F51-F52-F53 -> 0 | H54: =H51-H52-H53 -> 0 | I54: =I51-I52-I53 -> 0
A55: =A31 -> ** Период - это плановый период по развитию организации с учетом проекта (например: организация планирует получить финансирование в ноябре 2026 года - 1 год (период) будет ноябрь 2026 - октябрь 2027 и т.д.)
A58: 4. Прогнозный расчет потока денежных средств на период реализации инвестиционного, бизнес проекта (финансовое обоснование) (тыс.руб.)
A59: № | B59: Наименование показателей | C59: =D34 -> 1 год (период) - указать** | D59: =E34 -> 2 год (период) - указать** | E59: =F34 -> 3 год (период) - укакзать** | F59: =H34 -> 4 год (период) - указать** | H59: =I34 -> 5 год (период) - указать**
A60: п/п
A61: 4.1. | B61: Приток | C61: =C63+C64+C65+C66+C67+C69+C71+C62 -> 0 | D61: =D63+D64+D65+D66+D67+D69+D71+D62 -> 0 | E61: =E63+E64+E65+E66+E67+E69+E71+E62 -> 0 | F61: =F63+F64+F65+F66+F67+F69+F71+F62 -> 0 | H61: =H63+H64+H65+H66+H67+H69+H71+H62 -> 0
A62: 4.1.1. | B62: Сальдо потока денежных средств (на начало периода) | D62: =C94 -> 0 | E62: =D94 -> 0 | F62: =E94 -> 0 | H62: =F94 -> 0
A63: 4.1.2. | B63: Выручка от реализации продукции (услуг)
A64: 4.1.3. | B64: Кредиты банков
A65: 4.1.4. | B65: Заем Фонда
A66: 4.1.5. | B66: Поступления денежных средств от реализации основных средств и нематериальных активов
A67: 4.1.6. | B67: Дополнительно привлекаемый акционерный капитал:
B68: указать от кого:
A69: 4.1.7. | B69: Заемные и привлеченные средства по проекту, в т.ч. Кредиты, займы (кроме Фонда)
B70: указать от кого:
A71: 4.1.8. | B71: Прочие поступления по финансовой, инвестиционной и текущей деятельности
A72: 4.2. | B72: Отток | C72: =SUM(C73:C93) -> 0 | D72: =SUM(D73:D93) -> 0 | E72: =SUM(E73:E93) -> 0 | F72: =SUM(F73:G93) -> 0 | H72: =SUM(H73:H93) -> 0
A73: 4.2.1. | B73: Приобретение основных средств (в т.ч. в лизинг)
A74: 4.2.2. | B74: Приобретение продукции, услуг, сырья, материалов
A75: 4.2.3. | B75: Затраты на производство и реализацию продукции (работ, услуг) за минусом амортизации
A76: 4.2.4. | B76: Комиссии банка за перевод
A77: 4.2.5. | B77: Командировочные, прочее
A78: 4.2.6. | B78: НДС
A79: 4.2.7. | B79: Услуги сторонних организзаций
A80: 4.2.8. | B80: Акцизы
A81: 4.2.9. | B81: Прочие налоги
A82: 4.2.10. | B82: Заработная плата
A83: 4.2.11. | B83: ФСЗН, Белгосстрах
A84: 4.2.12. | B84: Платежи в бюджет
A85: 4.2.13. | B85: Капитальные затраты
B86: указать на что:
A87: 4.2.14. | B87: Долгосрочные финансовые вложения
B88: указать на что:
A89: 4.2.15. | B89: Погашение займа (лизинга) Фонду
A90: 4.2.16. | B90: Погашение процентов Фонду
A91: 4.2.17. | B91: Погашение банковских кредитов (в т.ч. проценты)
A92: 4.2.18. | B92: Выплата дивидендов
A93: 4.2.19. | B93: Прочие расходы по финансовой, инвестиционной и текущей деятельности
A94: 4.3. | B94: Сальдо потока денежных средств | C94: =C61-C72 -> 0 | D94: =D61-D72 -> 0 | E94: =E61-E72 -> 0 | F94: =F61-F72 -> 0 | H94: =H61-H72 -> 0
A95: =A55 -> ** Период - это плановый период по развитию организации с учетом проекта (например: организация планирует получить финансирование в ноябре 2026 года - 1 год (период) будет ноябрь 2026 - октябрь 2027 и т.д.)
B98: Руководитель | E98: ФИО
B101: Главный бухгалтер | E101: ФИО

Sheet баланс
B2: Наименование Заявителя | C2: =Заключение!D5 -> 0
B3: Основной вид деятельности: | C3: =Заключение!G12 -> 0
B4: ОКЭД | C4: =Заключение!D8 -> 0
B6: Наименование строки баланса | C6: Code of the line
B7: АКТИВ | D7: 45657 | E7: 46022 | G7: Изменение 01.04.26 (+-%) | H7: Изменение 01.04.15(+-%) | I7: Изменение 01.07.15(+-%) | J7: Изменение 01.10.15(+-%) | K7: Изменение 01.01.16 (+-%)
B8: I. ДОЛГОСРОЧНЫЕ АКТИВЫ
B9: Основные средства | C9: 110 | G9: =IF(E9=0,"",F9/E9-1) | H9: =IF(#REF!=0,"",#REF!/#REF!-1) -> #REF! | I9: =IF(#REF!=0,"",#REF!/#REF!-1) -> #REF! | J9: =IF(#REF!=0,"",#REF!/#REF!-1) -> #REF! | K9: =IF(#REF!=0,"",G9/#REF!-1) -> #REF!
B10: Нематериальные активы | C10: 120 | G10: =IF(E10=0,"",F10/E10-1) | H10: =IF(#REF!=0,"",#REF!/#REF!-1) -> #REF! | I10: =IF(#REF!=0,"",#REF!/#REF!-1) -> #REF! | J10: =IF(#REF!=0,"",#REF!/#REF!-1) -> #REF! | K10: =IF(#REF!=0,"",#REF!/#REF!-1) -> #REF!
B11: Доходные вложения в материальные активы | C11: 130 | D11: =D12+D13+D14 -> 0 | E11: =E12+E13+E14 -> 0 | F11: =F12+F13+F14 -> 0 | G11: =IF(E11=0,"",F11/E11-1) | H11: =IF(#REF!=0,"",#REF!/#REF!-1) -> #REF! | I11: =IF(#REF!=0,"",#REF!/#REF!-1) -> #REF! | J11: =IF(#REF!=0,"",#REF!/#REF!-1) -> #REF! | K11: =IF(#REF!=0,"",#REF!/#REF!-1) -> #REF!
B12: в том числе: инвестиционная недвижимость | C12: 131 | G12: =IF(E12=0,"",F12/E12-1) | H12: =IF(#REF!=0,"",#REF!/#REF!-1) -> #REF! | I12: =IF(#REF!=0,"",#REF!/#REF!-1) -> #REF! | J12: =IF(#REF!=0,"",#REF!/#REF!-1) -> #REF! | K12: =IF(#REF!=0,"",#REF!/#REF!-1) -> #REF!
B13: предметы финансовой аренды (лизинга) | C13: 132 | G13: =IF(E13=0,"",F13/E13-1) | H13: =IF(#REF!=0,"",#REF!/#REF!-1) -> #REF! | I13: =IF(#REF!=0,"",#REF!/#REF!-1) -> #REF! | J13: =IF(#REF!=0,"",#REF!/#REF!-1) -> #REF! | K13: =IF(#REF!=0,"",#REF!/#REF!-1) -> #REF!
B14: прочие доходные вложения в материальные активы | C14: 133 | G14: =IF(E14=0,"",F14/E14-1) | H14: =IF(#REF!=0,"",#REF!/#REF!-1) -> #REF! | I14: =IF(#REF!=0,"",#REF!/#REF!-1) -> #REF! | J14: =IF(#REF!=0,"",#REF!/#REF!-1) -> #REF! | K14: =IF(#REF!=0,"",#REF!/#REF!-1) -> #REF!
B15: Вложения в долгосрочные активы | C15: 140 | G15: =IF(E15=0,"",F15/E15-1) | H15: =IF(#REF!=0,"",#REF!/#REF!-1) -> #REF! | I15: =IF(#REF!=0,"",#REF!/#REF!-1) -> #REF! | J15: =IF(#REF!=0,"",#REF!/#REF!-1) -> #REF! | K15: =IF(#REF!=0,"",#REF!/#REF!-1) -> #REF!
B16: Долгосрочные финансовые вложения | C16: 150 | G16: =IF(E16=0,"",F16/E16-1) | H16: =IF(#REF!=0,"",#REF!/#REF!-1) -> #REF! | I16: =IF(#REF!=0,"",#REF!/#REF!-1) -> #REF! | J16: =IF(#REF!=0,"",#REF!/#REF!-1) -> #REF! | K16: =IF(#REF!=0,"",#REF!/#REF!-1) -> #REF!
B17: Отложенные налоговые активы | C17: 160 | G17: =IF(E17=0,"",F17/E17-1) | H17: =IF(#REF!=0,"",#REF!/#REF!-1) -> #REF! | I17: =IF(#REF!=0,"",#REF!/#REF!-1) -> #REF! | J17: =IF(#REF!=0,"",#REF!/#REF!-1) -> #REF! | K17: =IF(#REF!=0,"",#REF!/#REF!-1) -> #REF!
B18: Долгосрочная дебиторская задолженность | C18: 170 | G18: =IF(E18=0,"",F18/E18-1) | H18: =IF(#REF!=0,"",#REF!/#REF!-1) -> #REF! | I18: =IF(#REF!=0,"",#REF!/#REF!-1) -> #REF! | J18: =IF(#REF!=0,"",#REF!/#REF!-1) -> #REF! | K18: =IF(#REF!=0,"",#REF!/#REF!-1) -> #REF!
B19: Прочие долгосрочные активы | C19: 180 | G19: =IF(E19=0,"",F19/E19-1) | H19: =IF(#REF!=0,"",#REF!/#REF!-1) -> #REF! | I19: =IF(#REF!=0,"",#REF!/#REF!-1) -> #REF! | J19: =IF(#REF!=0,"",#REF!/#REF!-1) -> #REF! | K19: =IF(#REF!=0,"",#REF!/#REF!-1) -> #REF!
B20: Итого по разделу I | C20: 190 | D20: =D9+D10+D11+D15+D16+D17+D18+D19 -> 0 | E20: =E9+E10+E11+E15+E16+E17+E18+E19 -> 0 | F20: =F9+F10+F11+F15+F16+F17+F18+F19 -> 0 | G20: =IF(E20=0,"",F20/E20-1) | H20: =IF(#REF!=0,"",#REF!/#REF!-1) -> #REF! | I20: =IF(#REF!=0,"",#REF!/#REF!-1) -> #REF! | J20: =IF(#REF!=0,"",#REF!/#REF!-1) -> #REF! | K20: =IF(#REF!=0,"",#REF!/#REF!-1) -> #REF!
B21: II. КРАТКОСРОЧНЫЕ АКТИВЫ | G21: =IF(E21=0,"",F21/E21-1)
B22: Запасы | C22: 210 | D22: =SUM(D23:D28) -> 0 | E22: =SUM(E23:E28) -> 0 | F22: =SUM(F23:F28) -> 0 | G22: =IF(E22=0,"",F22/E22-1) | H22: =IF(#REF!=0,"",#REF!/#REF!-1) -> #REF! | I22: =IF(#REF!=0,"",#REF!/#REF!-1) -> #REF! | J22: =IF(#REF!=0,"",#REF!/#REF!-1) -> #REF! | K22: =IF(#REF!=0,"",#REF!/#REF!-1) -> #REF!
B23: В том числе:материалы | C23: 211 | G23: =IF(E23=0,"",F23/E23-1) | H23: =IF(#REF!=0,"",#REF!/#REF!-1) -> #REF! | I23: =IF(#REF!=0,"",#REF!/#REF!-1) -> #REF! | J23: =IF(#REF!=0,"",#REF!/#REF!-1) -> #REF! | K23: =IF(#REF!=0,"",#REF!/#REF!-1) -> #REF!
B24: животные на выращивании и откорме | C24: 212 | G24: =IF(E24=0,"",F24/E24-1) | H24: =IF(#REF!=0,"",#REF!/#REF!-1) -> #REF! | I24: =IF(#REF!=0,"",#REF!/#REF!-1) -> #REF! | J24: =IF(#REF!=0,"",#REF!/#REF!-1) -> #REF! | K24: =IF(#REF!=0,"",#REF!/#REF!-1) -> #REF!
B25: незавершенное производство и полуфабрикаты | C25: 213 | G25: =IF(E25=0,"",F25/E25-1) | H25: =IF(#REF!=0,"",#REF!/#REF!-1) -> #REF! | I25: =IF(#REF!=0,"",#REF!/#REF!-1) -> #REF! | J25: =IF(#REF!=0,"",#REF!/#REF!-1) -> #REF! | K25: =IF(#REF!=0,"",#REF!/#REF!-1) -> #REF!
B26: готовая продукция и товары | C26: 214 | G26: =IF(E26=0,"",F26/E26-1) | H26: =IF(#REF!=0,"",#REF!/#REF!-1) -> #REF! | I26: =IF(#REF!=0,"",#REF!/#REF!-1) -> #REF! | J26: =IF(#REF!=0,"",#REF!/#REF!-1) -> #REF! | K26: =IF(#REF!=0,"",#REF!/#REF!-1) -> #REF!
B27: товары отгруженные | C27: 215 | G27: =IF(E27=0,"",F27/E27-1) | H27: =IF(#REF!=0,"",#REF!/#REF!-1) -> #REF! | I27: =IF(#REF!=0,"",#REF!/#REF!-1) -> #REF! | J27: =IF(#REF!=0,"",#REF!/#REF!-1) -> #REF! | K27: =IF(#REF!=0,"",#REF!/#REF!-1) -> #REF!
B28: прочие запасы | C28: 216 | G28: =IF(E28=0,"",F28/E28-1) | H28: =IF(#REF!=0,"",#REF!/#REF!-1) -> #REF! | I28: =IF(#REF!=0,"",#REF!/#REF!-1) -> #REF! | J28: =IF(#REF!=0,"",#REF!/#REF!-1) -> #REF! | K28: =IF(#REF!=0,"",#REF!/#REF!-1) -> #REF!
B29: Долгосрочные активы, предназначенные для реализации | C29: 220 | G29: =IF(E29=0,"",F29/E29-1) | H29: =IF(#REF!=0,"",#REF!/#REF!-1) -> #REF! | I29: =IF(#REF!=0,"",#REF!/#REF!-1) -> #REF! | J29: =IF(#REF!=0,"",#REF!/#REF!-1) -> #REF! | K29: =IF(#REF!=0,"",#REF!/#REF!-1) -> #REF!
B30: Расходы будущих периодов | C30: 230 | G30: =IF(E30=0,"",F30/E30-1) | H30: =IF(#REF!=0,"",#REF!/#REF!-1) -> #REF! | I30: =IF(#REF!=0,"",#REF!/#REF!-1) -> #REF! | J30: =IF(#REF!=0,"",#REF!/#REF!-1) -> #REF! | K30: =IF(#REF!=0,"",#REF!/#REF!-1) -> #REF!
B31: Налог на добавленную стоимость по приобретенным товарам, работам, услугам | C31: 240 | G31: =IF(E31=0,"",F31/E31-1) | H31: =IF(#REF!=0,"",#REF!/#REF!-1) -> #REF! | I31: =IF(#REF!=0,"",#REF!/#REF!-1) -> #REF! | J31: =IF(#REF!=0,"",#REF!/#REF!-1) -> #REF! | K31: =IF(#REF!=0,"",#REF!/#REF!-1) -> #REF!
B32: Краткосрочная дебиторская задолженность | C32: 250 | G32: =IF(E32=0,"",F32/E32-1) | H32: =IF(#REF!=0,"",#REF!/#REF!-1) -> #REF! | I32: =IF(#REF!=0,"",#REF!/#REF!-1) -> #REF! | J32: =IF(#REF!=0,"",#REF!/#REF!-1) -> #REF! | K32: =IF(#REF!=0,"",#REF!/#REF!-1) -> #REF!
B33: Краткосрочные финансовые вложения | C33: 260 | G33: =IF(E33=0,"",F33/E33-1) | H33: =IF(#REF!=0,"",#REF!/#REF!-1) -> #REF! | I33: =IF(#REF!=0,"",#REF!/#REF!-1) -> #REF! | J33: =IF(#REF!=0,"",#REF!/#REF!-1) -> #REF! | K33: =IF(#REF!=0,"",#REF!/#REF!-1) -> #REF!
B34: Денежные средства и их эквиваленты | C34: 270 | G34: =IF(E34=0,"",F34/E34-1) | H34: =IF(#REF!=0,"",#REF!/#REF!-1) -> #REF! | I34: =IF(#REF!=0,"",#REF!/#REF!-1) -> #REF! | J34: =IF(#REF!=0,"",#REF!/#REF!-1) -> #REF! | K34: =IF(#REF!=0,"",#REF!/#REF!-1) -> #REF!
B35: Прочие краткосрочные активы | C35: 280 | G35: =IF(E35=0,"",F35/E35-1) | H35: =IF(#REF!=0,"",#REF!/#REF!-1) -> #REF! | I35: =IF(#REF!=0,"",#REF!/#REF!-1) -> #REF! | J35: =IF(#REF!=0,"",#REF!/#REF!-1) -> #REF! | K35: =IF(#REF!=0,"",#REF!/#REF!-1) -> #REF!
B36: Итого по разделу II | C36: 290 | D36: =SUM(D22,D29:D35) -> 0 | E36: =SUM(E22,E29:E35) -> 0 | F36: =SUM(F22,F29:F35) -> 0 | G36: =IF(E36=0,"",F36/E36-1) | H36: =IF(#REF!=0,"",#REF!/#REF!-1) -> #REF! | I36: =IF(#REF!=0,"",#REF!/#REF!-1) -> #REF! | J36: =IF(#REF!=0,"",#REF!/#REF!-1) -> #REF! | K36: =IF(#REF!=0,"",#REF!/#REF!-1) -> #REF!
B37: БАЛАНС | C37: 300 | D37: =D20+D36 -> 0 | E37: =E20+E36 -> 0 | F37: =F20+F36 -> 0 | G37: =IF(E37=0,"",F37/E37-1) | H37: =IF(#REF!=0,"",#REF!/#REF!-1) -> #REF! | I37: =IF(#REF!=0,"",#REF!/#REF!-1) -> #REF! | J37: =IF(#REF!=0,"",#REF!/#REF!-1) -> #REF! | K37: =IF(#REF!=0,"",#REF!/#REF!-1) -> #REF!
B40: Наименование строки баланса | C40: Code of the line
B41: Собственный капитал и обязательства | D41: =D7 -> 45657 | E41: =E7 -> 46022 | F41: =F7 -> 0 | G41: =G7 -> Изменение 01.04.26 (+-%) | H41: =H7 -> Изменение 01.04.15(+-%) | I41: =I7 -> Изменение 01.07.15(+-%) | J41: =J7 -> Изменение 01.10.15(+-%) | K41: =K7 -> Изменение 01.01.16 (+-%)
B42: III. СОБСТВЕННЫЙ КАПИТАЛ
B43: Уставный капитал | C43: 410 | G43: =IF(E43=0,"",F43/E43-1) | H43: =IF(#REF!=0,"",#REF!/#REF!-1) -> #REF! | I43: =IF(#REF!=0,"",#REF!/#REF!-1) -> #REF! | J43: =IF(#REF!=0,"",#REF!/#REF!-1) -> #REF! | K43: =IF(#REF!=0,"",#REF!/#REF!-1) -> #REF!
B44: Неоплаченная часть уставного капитала | C44: 420 | G44: =IF(E44=0,"",F44/E44-1) | H44: =IF(#REF!=0,"",#REF!/#REF!-1) -> #REF! | I44: =IF(#REF!=0,"",#REF!/#REF!-1) -> #REF! | J44: =IF(#REF!=0,"",#REF!/#REF!-1) -> #REF! | K44: =IF(#REF!=0,"",#REF!/#REF!-1) -> #REF!
B45: Собственные акции (доли в уставном капитале) | C45: 430 | G45: =IF(E45=0,"",F45/E45-1) | H45: =IF(#REF!=0,"",#REF!/#REF!-1) -> #REF! | I45: =IF(#REF!=0,"",#REF!/#REF!-1) -> #REF! | J45: =IF(#REF!=0,"",#REF!/#REF!-1) -> #REF! | K45: =IF(#REF!=0,"",#REF!/#REF!-1) -> #REF!
B46: Резервный капитал | C46: 440 | G46: =IF(E46=0,"",F46/E46-1) | H46: =IF(#REF!=0,"",#REF!/#REF!-1) -> #REF! | I46: =IF(#REF!=0,"",#REF!/#REF!-1) -> #REF! | J46: =IF(#REF!=0,"",#REF!/#REF!-1) -> #REF! | K46: =IF(#REF!=0,"",#REF!/#REF!-1) -> #REF!
B47: Добавочный капитал | C47: 450 | G47: =IF(E47=0,"",F47/E47-1) | H47: =IF(#REF!=0,"",#REF!/#REF!-1) -> #REF! | I47: =IF(#REF!=0,"",#REF!/#REF!-1) -> #REF! | J47: =IF(#REF!=0,"",#REF!/#REF!-1) -> #REF! | K47: =IF(#REF!=0,"",#REF!/#REF!-1) -> #REF!
B48: Нераспределенная прибыль (непокрытый убыток) | C48: 460 | G48: =IF(E48=0,"",F48/E48-1) | H48: =IF(#REF!=0,"",#REF!/#REF!-1) -> #REF! | I48: =IF(#REF!=0,"",#REF!/#REF!-1) -> #REF! | J48: =IF(#REF!=0,"",#REF!/#REF!-1) -> #REF! | K48: =IF(#REF!=0,"",#REF!/#REF!-1) -> #REF!
B49: Чистая прибыль (убыток) отчетного периода | C49: 470 | G49: =IF(E49=0,"",F49/E49-1) | H49: =IF(#REF!=0,"",#REF!/#REF!-1) -> #REF! | I49: =IF(#REF!=0,"",#REF!/#REF!-1) -> #REF! | J49: =IF(#REF!=0,"",#REF!/#REF!-1) -> #REF! | K49: =IF(#REF!=0,"",#REF!/#REF!-1) -> #REF!
B50: Целевое финансирование | C50: 480 | G50: =IF(E50=0,"",F50/E50-1) | H50: =IF(#REF!=0,"",#REF!/#REF!-1) -> #REF! | I50: =IF(#REF!=0,"",#REF!/#REF!-1) -> #REF! | J50: =IF(#REF!=0,"",#REF!/#REF!-1) -> #REF! | K50: =IF(#REF!=0,"",#REF!/#REF!-1) -> #REF!
B51: Итого по разделу III | C51: 490 | D51: =SUM(D43:D50) -> 0 | E51: =SUM(E43:E50) -> 0 | F51: =SUM(F43:F50) -> 0 | G51: =IF(E51=0,"",F51/E51-1) | H51: =IF(#REF!=0,"",#REF!/#REF!-1) -> #REF! | I51: =IF(#REF!=0,"",#REF!/#REF!-1) -> #REF! | J51: =IF(#REF!=0,"",#REF!/#REF!-1) -> #REF! | K51: =IF(#REF!=0,"",#REF!/#REF!-1) -> #REF!
B52: IV. ДОЛГОСРОЧНЫЕ ОБЯЗАТЕЛЬСТВА | G52: =IF(E52=0,"",F52/E52-1) | H52: =IF(#REF!=0,"",#REF!/#REF!-1) -> #REF! | I52: =IF(#REF!=0,"",#REF!/#REF!-1) -> #REF! | J52: =IF(#REF!=0,"",#REF!/#REF!-1) -> #REF! | K52: =IF(#REF!=0,"",#REF!/#REF!-1) -> #REF!
B53: Долгосрочные кредиты и займы | C53: 510 | G53: =IF(E53=0,"",F53/E53-1) | H53: =IF(#REF!=0,"",#REF!/#REF!-1) -> #REF! | I53: =IF(#REF!=0,"",#REF!/#REF!-1) -> #REF! | J53: =IF(#REF!=0,"",#REF!/#REF!-1) -> #REF! | K53: =IF(#REF!=0,"",#REF!/#REF!-1) -> #REF!
B54: Долгосрочные обязательства по лизинговым платежам | C54: 520 | G54: =IF(E54=0,"",F54/E54-1) | H54: =IF(#REF!=0,"",#REF!/#REF!-1) -> #REF! | I54: =IF(#REF!=0,"",#REF!/#REF!-1) -> #REF! | J54: =IF(#REF!=0,"",#REF!/#REF!-1) -> #REF! | K54: =IF(#REF!=0,"",#REF!/#REF!-1) -> #REF!
B55: Отложенные налоговые обязательства | C55: 530 | G55: =IF(E55=0,"",F55/E55-1) | H55: =IF(#REF!=0,"",#REF!/#REF!-1) -> #REF! | I55: =IF(#REF!=0,"",#REF!/#REF!-1) -> #REF! | J55: =IF(#REF!=0,"",#REF!/#REF!-1) -> #REF! | K55: =IF(#REF!=0,"",#REF!/#REF!-1) -> #REF!
B56: Доходы будущих периодов | C56: 540 | G56: =IF(E56=0,"",F56/E56-1) | H56: =IF(#REF!=0,"",#REF!/#REF!-1) -> #REF! | I56: =IF(#REF!=0,"",#REF!/#REF!-1) -> #REF! | J56: =IF(#REF!=0,"",#REF!/#REF!-1) -> #REF! | K56: =IF(#REF!=0,"",#REF!/#REF!-1) -> #REF!
B57: Резервы предстоящих расходов | C57: 550 | G57: =IF(E57=0,"",F57/E57-1) | H57: =IF(#REF!=0,"",#REF!/#REF!-1) -> #REF! | I57: =IF(#REF!=0,"",#REF!/#REF!-1) -> #REF! | J57: =IF(#REF!=0,"",#REF!/#REF!-1) -> #REF! | K57: =IF(#REF!=0,"",#REF!/#REF!-1) -> #REF!
B58: Прочие долгосрочные обязательства | C58: 560 | G58: =IF(E58=0,"",F58/E58-1) | H58: =IF(#REF!=0,"",#REF!/#REF!-1) -> #REF! | I58: =IF(#REF!=0,"",#REF!/#REF!-1) -> #REF! | J58: =IF(#REF!=0,"",#REF!/#REF!-1) -> #REF! | K58: =IF(#REF!=0,"",#REF!/#REF!-1) -> #REF!
B59: Итого по разделу IV | C59: 590 | D59: =SUM(D53:D58) -> 0 | E59: =SUM(E53:E58) -> 0 | F59: =SUM(F53:F58) -> 0 | G59: =IF(E59=0,"",F59/E59-1) | H59: =IF(#REF!=0,"",#REF!/#REF!-1) -> #REF! | I59: =IF(#REF!=0,"",#REF!/#REF!-1) -> #REF! | J59: =IF(#REF!=0,"",#REF!/#REF!-1) -> #REF! | K59: =IF(#REF!=0,"",#REF!/#REF!-1) -> #REF!
B60: V. КРАТКОСРОЧНЫЕ ОБЯЗАТЕЛЬСТВА | G60: =IF(E60=0,"",F60/E60-1) | H60: =IF(#REF!=0,"",#REF!/#REF!-1) -> #REF! | I60: =IF(#REF!=0,"",#REF!/#REF!-1) -> #REF! | J60: =IF(#REF!=0,"",#REF!/#REF!-1) -> #REF! | K60: =IF(#REF!=0,"",#REF!/#REF!-1) -> #REF!
B61: Краткосрочные кредиты и займы | C61: 610 | G61: =IF(E61=0,"",F61/E61-1) | H61: =IF(#REF!=0,"",#REF!/#REF!-1) -> #REF! | I61: =IF(#REF!=0,"",#REF!/#REF!-1) -> #REF! | J61: =IF(#REF!=0,"",#REF!/#REF!-1) -> #REF! | K61: =IF(#REF!=0,"",#REF!/#REF!-1) -> #REF!
B62: Краткосрочная часть долговых обязательств | C62: 620 | G62: =IF(E62=0,"",F62/E62-1) | H62: =IF(#REF!=0,"",#REF!/#REF!-1) -> #REF! | I62: =IF(#REF!=0,"",#REF!/#REF!-1) -> #REF! | J62: =IF(#REF!=0,"",#REF!/#REF!-1) -> #REF! | K62: =IF(#REF!=0,"",#REF!/#REF!-1) -> #REF!
B63: Краткосрочная кредиторская задолженность | C63: 630 | D63: =SUM(D64:D71) -> 0 | E63: =SUM(E64:E71) -> 0 | F63: =SUM(F64:F71) -> 0 | G63: =IF(E63=0,"",F63/E63-1) | H63: =IF(#REF!=0,"",#REF!/#REF!-1) -> #REF! | I63: =IF(#REF!=0,"",#REF!/#REF!-1) -> #REF! | J63: =IF(#REF!=0,"",#REF!/#REF!-1) -> #REF! | K63: =IF(#REF!=0,"",#REF!/#REF!-1) -> #REF!
B64: в том числе: поставщикам,подрядчикам, исполнителям | C64: 631 | G64: =IF(E64=0,"",F64/E64-1) | H64: =IF(#REF!=0,"",#REF!/#REF!-1) -> #REF! | I64: =IF(#REF!=0,"",#REF!/#REF!-1) -> #REF! | J64: =IF(#REF!=0,"",#REF!/#REF!-1) -> #REF! | K64: =IF(#REF!=0,"",#REF!/#REF!-1) -> #REF!
B65: по авансам полученным | C65: 632 | G65: =IF(E65=0,"",F65/E65-1) | H65: =IF(#REF!=0,"",#REF!/#REF!-1) -> #REF! | I65: =IF(#REF!=0,"",#REF!/#REF!-1) -> #REF! | J65: =IF(#REF!=0,"",#REF!/#REF!-1) -> #REF! | K65: =IF(#REF!=0,"",#REF!/#REF!-1) -> #REF!
B66: по налогам и сборам | C66: 633 | G66: =IF(E66=0,"",F66/E66-1) | H66: =IF(#REF!=0,"",#REF!/#REF!-1) -> #REF! | I66: =IF(#REF!=0,"",#REF!/#REF!-1) -> #REF! | J66: =IF(#REF!=0,"",#REF!/#REF!-1) -> #REF! | K66: =IF(#REF!=0,"",#REF!/#REF!-1) -> #REF!
B67: по социальному страхованию и обеспечению | C67: 634 | G67: =IF(E67=0,"",F67/E67-1) | H67: =IF(#REF!=0,"",#REF!/#REF!-1) -> #REF! | I67: =IF(#REF!=0,"",#REF!/#REF!-1) -> #REF! | J67: =IF(#REF!=0,"",#REF!/#REF!-1) -> #REF! | K67: =IF(#REF!=0,"",#REF!/#REF!-1) -> #REF!
B68: по оплате труда | C68: 635 | G68: =IF(E68=0,"",F68/E68-1) | H68: =IF(#REF!=0,"",#REF!/#REF!-1) -> #REF! | I68: =IF(#REF!=0,"",#REF!/#REF!-1) -> #REF! | J68: =IF(#REF!=0,"",#REF!/#REF!-1) -> #REF! | K68: =IF(#REF!=0,"",#REF!/#REF!-1) -> #REF!
B69: по лизинговым платежам | C69: 636 | G69: =IF(E69=0,"",F69/E69-1) | H69: =IF(#REF!=0,"",#REF!/#REF!-1) -> #REF! | I69: =IF(#REF!=0,"",#REF!/#REF!-1) -> #REF! | J69: =IF(#REF!=0,"",#REF!/#REF!-1) -> #REF! | K69: =IF(#REF!=0,"",#REF!/#REF!-1) -> #REF!
B70: собственнику имущества (учредителям, участникам) | C70: 637 | G70: =IF(E70=0,"",F70/E70-1) | H70: =IF(#REF!=0,"",#REF!/#REF!-1) -> #REF! | I70: =IF(#REF!=0,"",#REF!/#REF!-1) -> #REF! | J70: =IF(#REF!=0,"",#REF!/#REF!-1) -> #REF! | K70: =IF(#REF!=0,"",#REF!/#REF!-1) -> #REF!
B71: прочим кредиторам | C71: 638 | G71: =IF(E71=0,"",F71/E71-1) | H71: =IF(#REF!=0,"",#REF!/#REF!-1) -> #REF! | I71: =IF(#REF!=0,"",#REF!/#REF!-1) -> #REF! | J71: =IF(#REF!=0,"",#REF!/#REF!-1) -> #REF! | K71: =IF(#REF!=0,"",#REF!/#REF!-1) -> #REF!
B72: Обязательства, предназначенные для реализации | C72: 640 | G72: =IF(E72=0,"",F72/E72-1) | H72: =IF(#REF!=0,"",#REF!/#REF!-1) -> #REF! | I72: =IF(#REF!=0,"",#REF!/#REF!-1) -> #REF! | J72: =IF(#REF!=0,"",#REF!/#REF!-1) -> #REF! | K72: =IF(#REF!=0,"",#REF!/#REF!-1) -> #REF!
B73: Доходы будущих периодов | C73: 650 | G73: =IF(E73=0,"",F73/E73-1) | H73: =IF(#REF!=0,"",#REF!/#REF!-1) -> #REF! | I73: =IF(#REF!=0,"",#REF!/#REF!-1) -> #REF! | J73: =IF(#REF!=0,"",#REF!/#REF!-1) -> #REF! | K73: =IF(#REF!=0,"",#REF!/#REF!-1) -> #REF!
B74: Резервы предстоящих платежей | C74: 660 | G74: =IF(E74=0,"",F74/E74-1) | H74: =IF(#REF!=0,"",#REF!/#REF!-1) -> #REF! | I74: =IF(#REF!=0,"",#REF!/#REF!-1) -> #REF! | J74: =IF(#REF!=0,"",#REF!/#REF!-1) -> #REF! | K74: =IF(#REF!=0,"",#REF!/#REF!-1) -> #REF!
B75: Прочие краткосрочные обязательства | C75: 670 | G75: =IF(E75=0,"",F75/E75-1) | H75: =IF(#REF!=0,"",#REF!/#REF!-1) -> #REF! | I75: =IF(#REF!=0,"",#REF!/#REF!-1) -> #REF! | J75: =IF(#REF!=0,"",#REF!/#REF!-1) -> #REF! | K75: =IF(#REF!=0,"",#REF!/#REF!-1) -> #REF!
B76: Итого по разделу V | C76: 690 | D76: =D61+D62+D63+D72+D73+D74+D75 -> 0 | E76: =E61+E62+E63+E72+E73+E74+E75 -> 0 | F76: =F61+F62+F63+F72+F73+F74+F75 -> 0 | G76: =IF(E76=0,"",F76/E76-1) | H76: =IF(#REF!=0,"",#REF!/#REF!-1) -> #REF! | I76: =IF(#REF!=0,"",#REF!/#REF!-1) -> #REF! | J76: =IF(#REF!=0,"",#REF!/#REF!-1) -> #REF! | K76: =IF(#REF!=0,"",#REF!/#REF!-1) -> #REF!
B77: БАЛАНС | C77: 700 | D77: =D51+D76+D59 -> 0 | E77: =E51+E76+E59 -> 0 | F77: =F51+F76+F59 -> 0 | G77: =IF(D77=0,"",E77/D77-1) | H77: =IF(#REF!=0,"",#REF!/#REF!-1) -> #REF! | I77: =IF(#REF!=0,"",#REF!/#REF!-1) -> #REF! | J77: =IF(#REF!=0,"",#REF!/#REF!-1) -> #REF! | K77: =IF(#REF!=0,"",#REF!/#REF!-1) -> #REF!
B78: ОТЧЕТ О ПРИБЫЛЯХ И УБЫТКАХ (сокр.) | D78: =D7 -> 45657 | E78: =E7 -> 46022 | F78: =F7 -> 0 | H78: =H7 -> Изменение 01.04.15(+-%) | I78: =I7 -> Изменение 01.07.15(+-%) | J78: =J7 -> Изменение 01.10.15(+-%) | K78: =K7 -> Изменение 01.01.16 (+-%)
B79: Выручка от реализации продукции, товаров, работ, услуг | C79: 010 | H79: =IF(#REF!=0,"",#REF!/#REF!-1) -> #REF! | I79: =IF(#REF!=0,"",#REF!/#REF!-1) -> #REF! | J79: =IF(#REF!=0,"",#REF!/#REF!-1) -> #REF! | K79: =IF(#REF!=0,"",#REF!/#REF!-1) -> #REF!
B80: Себестоимость реализованной продукции, товаров,работ, услуг | C80: 020 | H80: =IF(#REF!=0,"",#REF!/#REF!-1) -> #REF! | I80: =IF(#REF!=0,"",#REF!/#REF!-1) -> #REF! | J80: =IF(#REF!=0,"",#REF!/#REF!-1) -> #REF! | K80: =IF(#REF!=0,"",#REF!/#REF!-1) -> #REF!
B81: Валовая прибыль (010-020) | C81: 030 | D81: =D79-D80 -> 0 | E81: =E79-E80 -> 0 | F81: =F79-F80 -> 0 | H81: =IF(#REF!=0,"",#REF!/#REF!-1) -> #REF! | I81: =IF(#REF!=0,"",#REF!/#REF!-1) -> #REF! | J81: =IF(#REF!=0,"",#REF!/#REF!-1) -> #REF! | K81: =IF(#REF!=0,"",#REF!/#REF!-1) -> #REF!
B82: Управленческие расходы | C82: 040 | H82: =IF(#REF!=0,"",#REF!/#REF!-1) -> #REF! | I82: =IF(#REF!=0,"",#REF!/#REF!-1) -> #REF! | J82: =IF(#REF!=0,"",#REF!/#REF!-1) -> #REF! | K82: =IF(#REF!=0,"",#REF!/#REF!-1) -> #REF!
B83: Расходы на реализацию | C83: 050 | H83: =IF(#REF!=0,"",#REF!/#REF!-1) -> #REF! | I83: =IF(#REF!=0,"",#REF!/#REF!-1) -> #REF! | J83: =IF(#REF!=0,"",#REF!/#REF!-1) -> #REF! | K83: =IF(#REF!=0,"",#REF!/#REF!-1) -> #REF!
B84: Прибыль (убыток) от реализации продукции, товаров, работ, услуг (030-040-050) | C84: 060 | D84: =D81-D82-D83 -> 0 | E84: =E81-E82-E83 -> 0 | F84: =F81-F82-F83 -> 0 | H84: =IF(#REF!=0,"",#REF!/#REF!-1) -> #REF! | I84: =IF(#REF!=0,"",#REF!/#REF!-1) -> #REF! | J84: =IF(#REF!=0,"",#REF!/#REF!-1) -> #REF! | K84: =IF(#REF!=0,"",#REF!/#REF!-1) -> #REF!
B85: Прочие доходы по текущей деятельности | C85: 070 | H85: =IF(#REF!=0,"",#REF!/#REF!-1) -> #REF! | I85: =IF(#REF!=0,"",#REF!/#REF!-1) -> #REF! | J85: =IF(#REF!=0,"",#REF!/#REF!-1) -> #REF! | K85: =IF(#REF!=0,"",#REF!/#REF!-1) -> #REF!
B86: Прочие расходы по текущей деятельности | C86: 080 | H86: =IF(#REF!=0,"",#REF!/#REF!-1) -> #REF! | I86: =IF(#REF!=0,"",#REF!/#REF!-1) -> #REF! | J86: =IF(#REF!=0,"",#REF!/#REF!-1) -> #REF! | K86: =IF(#REF!=0,"",#REF!/#REF!-1) -> #REF!
B87: Прибыль (убыток) от текущей деятельности (+-060+070-080) | C87: 090 | D87: =D84+D85-D86 -> 0 | E87: =E84+E85-E86 -> 0 | F87: =F84+F85-F86 -> 0 | H87: =IF(#REF!=0,"",#REF!/#REF!-1) -> #REF! | I87: =IF(#REF!=0,"",#REF!/#REF!-1) -> #REF! | J87: =IF(#REF!=0,"",#REF!/#REF!-1) -> #REF! | K87: =IF(#REF!=0,"",#REF!/#REF!-1) -> #REF!
B88: Доходы по инвестиционной деятельности | C88: 100 | H88: =IF(#REF!=0,"",#REF!/#REF!-1) -> #REF! | I88: =IF(#REF!=0,"",#REF!/#REF!-1) -> #REF! | J88: =IF(#REF!=0,"",#REF!/#REF!-1) -> #REF! | K88: =IF(#REF!=0,"",#REF!/#REF!-1) -> #REF!
B89: Расходы по инвестиционной деятельности | C89: 110 | H89: =IF(#REF!=0,"",#REF!/#REF!-1) -> #REF! | I89: =IF(#REF!=0,"",#REF!/#REF!-1) -> #REF! | J89: =IF(#REF!=0,"",#REF!/#REF!-1) -> #REF! | K89: =IF(#REF!=0,"",#REF!/#REF!-1) -> #REF!
B90: Доходы по финансовой деятельности | C90: 120 | H90: =IF(#REF!=0,"",#REF!/#REF!-1) -> #REF! | I90: =IF(#REF!=0,"",#REF!/#REF!-1) -> #REF! | J90: =IF(#REF!=0,"",#REF!/#REF!-1) -> #REF! | K90: =IF(#REF!=0,"",#REF!/#REF!-1) -> #REF!
B91: Расходы по финансовой деятельности | C91: 130 | H91: =IF(#REF!=0,"",#REF!/#REF!-1) -> #REF! | I91: =IF(#REF!=0,"",#REF!/#REF!-1) -> #REF! | J91: =IF(#REF!=0,"",#REF!/#REF!-1) -> #REF! | K91: =IF(#REF!=0,"",#REF!/#REF!-1) -> #REF!
B92: Прибыль (убыток) от инвестиционной и финансовой деятельности (100-110+120-130) | C92: 140 | D92: =D88-D89+D90-D91 -> 0 | E92: =E88-E89+E90-E91 -> 0 | F92: =F88-F89+F90-F91 -> 0 | H92: =IF(#REF!=0,"",#REF!/#REF!-1) -> #REF! | I92: =IF(#REF!=0,"",#REF!/#REF!-1) -> #REF! | J92: =IF(#REF!=0,"",#REF!/#REF!-1) -> #REF! | K92: =IF(#REF!=0,"",#REF!/#REF!-1) -> #REF!
B93: Прибыль (убыток) до налогообложения (+-090+-140) | C93: 150 | D93: =D87+D92 -> 0 | E93: =E87+E92 -> 0 | F93: =F87+F92 -> 0 | H93: =IF(#REF!=0,"",#REF!/#REF!-1) -> #REF! | I93: =IF(#REF!=0,"",#REF!/#REF!-1) -> #REF! | J93: =IF(#REF!=0,"",#REF!/#REF!-1) -> #REF! | K93: =IF(#REF!=0,"",#REF!/#REF!-1) -> #REF!
B94: Налог на прибыль | C94: 160 | H94: =IF(#REF!=0,"",#REF!/#REF!-1) -> #REF! | I94: =IF(#REF!=0,"",#REF!/#REF!-1) -> #REF! | J94: =IF(#REF!=0,"",#REF!/#REF!-1) -> #REF! | K94: =IF(#REF!=0,"",#REF!/#REF!-1) -> #REF!
B95: Изменение отложенных налоговых активов | C95: 170
B96: Изменение отложенных налоговых обязательств | C96: 180
B97: Прочие налоги и сборы, исчисляемые из прибыли (дохода) | C97: 190 | H97: =IF(#REF!=0,"",#REF!/#REF!-1) -> #REF! | I97: =IF(#REF!=0,"",#REF!/#REF!-1) -> #REF! | J97: =IF(#REF!=0,"",#REF!/#REF!-1) -> #REF! | K97: =IF(#REF!=0,"",#REF!/#REF!-1) -> #REF!
B98: Прочие платежи, исчисляемые из прибыли (дохода) | C98: 200
B99: Чистая прибыль (убыток) (+-150-160+-170+-180-190-200) | C99: 210 | D99: =D93-D94+D95+D96-D97-D98 -> 0 | E99: =E93-E94+E95+E96-E97-E98 -> 0 | F99: =F93-F94+F95+F96-F97-F98 -> 0 | H99: =IF(#REF!=0,"",#REF!/#REF!-1) -> #REF! | I99: =IF(#REF!=0,"",#REF!/#REF!-1) -> #REF! | J99: =IF(#REF!=0,"",#REF!/#REF!-1) -> #REF! | K99: =IF(#REF!=0,"",#REF!/#REF!-1) -> #REF!
B100: Результат от переоценки долгосрочных активов, не включаемый в чистую прибыль (убыток) | C100: 220 | H100: =IF(#REF!=0,"",#REF!/#REF!-1) -> #REF! | I100: =IF(#REF!=0,"",#REF!/#REF!-1) -> #REF! | J100: =IF(#REF!=0,"",#REF!/#REF!-1) -> #REF! | K100: =IF(#REF!=0,"",#REF!/#REF!-1) -> #REF!
B101: Результат от прочих операций, не включаемый в чистую прибыль (убыток) | C101: 230 | H101: =IF(#REF!=0,"",#REF!/#REF!-1) -> #REF! | I101: =IF(#REF!=0,"",#REF!/#REF!-1) -> #REF! | J101: =IF(#REF!=0,"",#REF!/#REF!-1) -> #REF! | K101: =IF(#REF!=0,"",#REF!/#REF!-1) -> #REF!
B102: Совокупная прибыль (убыток) (+-210+-220+-230) | C102: 240 | D102: =D99+D100+D101 -> 0 | E102: =E99+E100+E101 -> 0 | F102: =F99+F100+F101 -> 0 | H102: =IF(#REF!=0,"",#REF!/#REF!-1) -> #REF! | I102: =IF(#REF!=0,"",#REF!/#REF!-1) -> #REF! | J102: =IF(#REF!=0,"",#REF!/#REF!-1) -> #REF! | K102: =IF(#REF!=0,"",#REF!/#REF!-1) -> #REF!
B103: Количество дней периода | D103: 90 | E103: 90 | F103: 90
B104: Коэф. текущей ликвидности | D104: =IF(D76=0,"",D36/D76) | E104: =IF(E76=0,"",E36/E76) | F104: =IF(F76=0,"",F36/F76)
...

Sheet Заключение
I2: Дата: | K2: Да
A3: ЗАКЛЮЧЕНИЕ о возможности предоставления финансовой поддержки (примерная форма) | K3: Нет
A4: 1. Данные Заявителя | K4: УСН
A5: Полное наименование субъекта малого, среднего предпринимательства | D5: =Заявка!A4 -> 0
A6: Сокращенное наименование | D6: =Заявка!A6 -> 0
A7: УНП | D7: =Заявка!G7 -> 0
A8: № по ОКЭД | D8: =Заявка!G12 -> 0
A9: Местонахождение заявителя | D9: =Заявка!G37 -> 0
A10: Е-mail | D10: =Заявка!G57 -> 0
A11: Информация о видах деятельности, уставный фонд, лицензии:
A12: Основной вид деятельности | G12: =Заявка!G11 -> 0
A13: ОКЭД: | G13: =Заявка!G12 -> 0
A14: Доля в общем объеме выручки % | G14: =Заявка!G13 -> 0
A15: Сезонность деятельности организации (если есть) | G15: =Заявка!G14 -> 0
A16: Второй вид деятельность (ОКЭД) | H16: Иные виды деятельности (ОКЭД)
A17: =Заявка!A16 -> 0 | H17: =Заявка!H16 -> 0
A18: Доля в общем объеме выручки % | H18: Доля в общем объеме выручки %
A19: =Заявка!A18 -> 0 | H19: =Заявка!H18 -> 0
A20: Лицензируемые виды деятельности (Да/Нет):
A21: =Заявка!A20 -> 0
A22: Вид лицензии, №, срок действия, кем выдана
A23: =Заявка!A22 -> 0
A24: Уставный фонд (размер, руб.) (для организаций) | G24: =Заявка!G23 -> 0
A25: Распределение уставного фонда
A26: =Заявка!A25 -> Ф.И.О. (Полностью)/ Полное наименование организации | F26: Доля в УФ, % | G26: =Заявка!G25 -> Идентификационный (личный) номер/ УНП
A27: =Заявка!A26 -> 0 | F27: =Заявка!F26 -> 0 | G27: =Заявка!G26 -> 0
A28: =Заявка!A27 -> 0 | F28: =Заявка!F27 -> 0 | G28: =Заявка!G27 -> 0
A29: =Заявка!A28 -> 0 | F29: =Заявка!F28 -> 0 | G29: =Заявка!G28 -> 0
A30: =Заявка!A29 -> 0 | F30: =Заявка!F29 -> 0 | G30: =Заявка!G29 -> 0
A31: =Заявка!A30 -> 0 | F31: =Заявка!F30 -> 0 | G31: =Заявка!G30 -> 0
A32: =Заявка!A31 -> 0 | F32: =Заявка!F31 -> 0 | G32: =Заявка!G31 -> 0
A33: =Заявка!A32 -> 0 | F33: =Заявка!F32 -> 0 | G33: =Заявка!G32 -> 0
A34: =Заявка!A33 -> 0 | F34: =Заявка!F33 -> 0 | G34: =Заявка!G33 -> 0
A35: =Заявка!A34 -> 0 | F35: =Заявка!F34 -> 0 | G35: =Заявка!G34 -> 0
A36: Наименование организаций и УНП, акционером (учредителем) которых является заявитель, доля в уставном фонде: | G36: =Заявка!G35 -> 0
A37: Дата государственной регистрации | E37: =Заявка!G8 -> 0
A38: Малая организация (численность работников до 100 человек)
A39: Средняя организация (численность работников до 250 человек)
A40: Правоспособность юридического лица установлена а также лица, выступающего от имени организации
A42: 2. Критерии соответствия Заявителя
A43: Входит в реестр субъектов малого и среднего предпринимательства | J43: Да
A44: Соответствие объема выручки установленным Советом Министров Республики Беларусь предельным значениям | E44: Да | J44: Да
A46: Финансирование проекта Фондом осуществляется | K46: Выбрать источник финансирования и заполнить необходимый блок
A48: Соответствие инвестиционного проекта установленным направлениям и целям постановления Совета Министров Республики Беларусь №459 от 28.06.2024 г. (бюджетные/собственные средства, "Региональная инициатива") | K48: для конкурса и сильные регионы
A49: Соответствие инвестиционного проекта направлениям:
A50: Создание, развитие и расширение производства продукции (товаров, выполненных работ, оказания услуг); | K50: Да
A51: Организация, развитие производства, реализация экспортоориентированной, импортозамещающей продукции; | K51: Нет
A52: Производство продукции, направленной на энерго- и ресурсосбережение;
A53: Внедрение новых технологий.
A54: Государственная финансовая поддержка за счет средств республиканского бюджета предоставляется субъектам малого и среднего предпринимательства, реализующим инвестиционные проекты, бизнес-проекты, в целях возведения, реконструкции, модернизации, технической модернизации, ремонта капитальных строений (зданий, сооружений), изолированных помещений, проведения ремонтно-реставрационных работ и монтажа всех видов оборудования, приобретения капитальных строений (зданий,сооружений), изолированных помещений, приобретения машин и оборудования, транспортных средств, специальных устройств и приспособлений, инструментов, приобретения комплектующих изделий, сырья, материалов, программного обеспечения (его обновления), товаров (работ, услуг) для собственного производства продукции (товаров, выполнения работ, оказания услуг).
A56: Соответствие проекта критериям отбора субъектов МСП и условиям банковских продуктов ОАО «Банк развития Республики Беларусь»
A57: «Поддержка организаций производственной сферы»
A58: «Поддержка регионов»
A59: «Поддержка экологических проектов»
A60: «Поддержка социального предпринимательства»
A61: «Стабилизационный»
A62: «Промкооперация»
A63: «Поддержка оказания социальных услуг населению»
A64: «Поддержка сферы туризма и сопутствующих услуг»
A65: Информация о выполнении дополнительных условий спецификаций банковского продукта
A66: Соответствие критерию средней численности работников за предыдущий календарный год для: малых организаций - до 100 человек включительно, средних организаций - от 101 до 250 человек включительно | K66: только для банка развития
A67: Соответствие объема выручки от реализации продукции, товаров, работ, услуг (без НДС) за предыдущий календарный год (не превышает 35 000 000,00 (Тридцать пять миллионов белорусских рублей 00 копеек)
A68: Заявитель является резидентом Республики Беларусь, зарегистрированным в соответствии с законодательством Республики Беларусь, осуществляет деятельность на территории Республики Беларусь
A69: Суммарная доля собственности нерезидентов Республики Беларусь не более чем 49 (Сорок девять) процентов уставного фонда
A70: Не имеет просроченной задолженности по активным операциям перед банками, в том числе ОАО «Банк развития Республики Беларусь» и его дочерними организациями
A71: Является независимым (Заявитель не признается независимым, если 25 (Двадцать пять) процентов и более акций (долей его уставного фонда) принадлежит лицу, которое не удовлетворяет критериям классификации субъектов МСП (за исключением: лиц, являющихся Республикой Беларусь, административно-территориальными единицами Республики Беларусь; юридических лиц, имущество которых принадлежит Республики Беларусь или ее административно-территориальными единицам; а также юридических лиц, сто процентов акций (долей уставного фонда) которых принадлежит Республике Беларусь и/или ее административно-территориальными единицам или юридическим лицам, имущество которых принадлежит Республике Беларусь или ее административно-территориальными единицам)
A72: Не находится в процессе реорганизации, ликвидации (прекращения деятельности), несостоятельности или банкротства
A73: Не является субъектом, в отношении которого введены специальные экономические меры (за исключением сделок в белорусских рублях)
A74: Общая сумма задолженности в рамках оказания финансовой поддержки за счет средств ОАО «Банк развития Республики Беларусь» (за исключением финансирования за счет ресурсов, привлеченных от Международного банка реконструкции и развития, фонда им.Халифы по развитию предпринимательства (Объединенные Арабские Эмираты), либо по банковским продуктам «Стабилизационный», «Инновационный») не превышает 5 000 000,00 (Пять миллионов белорусских рублей 00 копеек)
A76: Соответствие проекта требованиям предъявляемым к инвестиционным проектам финансируемым по продукту «Сильные регионы» | K76: только для рег инициативы
A77: Клиент включен в программу «Региональная инициатива» по финансовому продукту «Сильные регионы»
A78: Клиент является субъектом малого или среднего предпринимательства
A79: Вид деятельности инвестиционного проекта относится к секции C, Q
A80: Проект реализуется на территории аграрного района
A82: Финансовая поддержка не предоставляется следующим субъектам малого и среднего предпринимательства
A83: физическим лицам, осуществляющим индивидуальную предпринимательскую деятельность;
A84: банкам, небанковским кредитно-финансовым организациям, страховым организациям, профессиональным участникам рынка ценных бумаг, ломбардам;
A85: участникам концессионных договоров (соглашений) о разделе продукции, заключенных с иностранными инвесторами;
A86: осуществляющим деятельность в сфере игорного бизнеса, лотерейной деятельности, электронных интерактивных игр, производство и реализацию подакцизных товаров, добычу полезных ископаемых, за исключением общераспространенных полезных ископаемых; | M86: Соответствует требованиям
A87: обратившимся за получением финансовой поддержки для реализации инвестиционных проектов, бизнес-проектов, которые не отвечают направлениям и (или) целям; | M87: Не соответствует требованиям
A88: более 49 процентов акций (долей в уставном фонде) которых находится в собственности Республики Беларусь и (или) ее административно-территориальных единиц (кроме субъектов инфраструктуры поддержки малого и среднего предпринимательства), иностранных юридических лиц, иностранных граждан и лиц без гражданства, общественных объединений (за исключением общественных объединений инвалидов), союзов (ассоциаций), одной или нескольких коммерческих организаций, не являющихся субъектами малого и среднего предпринимательства, либо которые входят в состав холдингов с участием государства, иностранных юридических лиц, иностранных физических лиц и лиц без гражданства, не имеющих разрешений на постоянное проживание в Республике Беларусь; (не применяется в случае финансирования за счет иных источников) | K88: не применяется для банка развития и сильные регионы | M88: Иные источники финансирования
A89: имеющим на первое число месяца, предшествующего месяцу обращения за оказанием государственной финансовой поддержки, задолженность по исполнительным производствам, налогам, сборам (пошлинам), пеням и иным обязательным платежам в бюджет и бюджет государственного внебюджетного фонда социальной защиты населения Республики Беларусь;
A90: имеющим чистые убытки за последний отчетный период, предшествующий дате обращения за оказанием государственной финансовой поддержки;
A91: находящимся в процессе реорганизации, ликвидации (прекращения деятельности) либо в отношении которых возбуждено производство по делу о несостоятельности или банкротстве;
A92: не представившим документы, необходимые для оказания финансовой поддержки, или при наличии в представленных заявителем документах недостоверных сведений, выявленных в процессе рассмотрения проекта;
A93: со дня нарушения которыми условий ранее оказанной государственной финансовой поддержки за счет средств, предусмотренных государственными программами в сфере государственной поддержки МСП не прошло три года; (не применяется в случае финансирования за счет иных источников) | K93: не применяется для банка развития и сильные регионы
A94: объем валовой выручки которых за календарный год превышает предельные значения, установленные Советом Министров Республики Беларусь. (не применяется в случае финансирования за счет иных источников) | K94: не применяется для банка развития и сильные регионы
A96: 3. Информация по сделке (заем, лизинг)
A97: Условия договора займа (лизинга)
K98: В рамках программы «Региональная инициатива» по финансовому продукту «Сильные регионы»
A99: Вид сделки | D99: =Заявка!J191 -> 0 | K99: За счет бюджетных и/или собственных средств
A100: Сумма | D100: =Заявка!I207 -> 0 | K100: По продуктам ОАО «Банк развития Республики Беларусь»
A101: в случае Лизинга (планируемый аванс)
A102: Срок | D102: =Заявка!I208 -> 0
A103: Планируемая ставка % (по проекту)
A104: =Заявка!A193 -> Адрес реализации финансируемого проекта | D104: =Заявка!G193 -> 0
A105: Обеспечение выполнения обязательств: | K105: Залог
A106: Вид обеспечения | K106: Поручительство
A107: Описание залога (др. обеспечения): | D107: =Заявка!A229 -> 0 | E107: =Заявка!D229 -> 0 | G107: =Заявка!F229 -> 0 | I107: =Заявка!H229 -> 0 | J107: =Заявка!J229 -> 0 | K107: Банковская гарантия
A108: Сумма залога | D108: =Заявка!A231 -> 0 | E108: =Заявка!D231 -> 0 | G108: =Заявка!F231 -> 0 | I108: =Заявка!H231 -> 0 | J108: =Заявка!J231 -> 0 | K108: Иное
...

Sheet Критерии
A1: ОСНОВНЫЕ КРИТЕРИИ
A2: конкурсного отбора Проектов субъектов МСП
A3: Наименование критерия | B3: Характеристика критерия | D3: Количество баллов
A4: Актуальность проекта | B4: целевое использование финансовой поддержки | C4: возведение, реконструкция, модернизация, техническая модернизация, ремонт капитальных строений (зданий, сооружений), изолированных помещений, проведение ремонтно-реставрационных работ и монтаж всех видов оборудования, приобретение капитальных строений (зданий, сооружений), изолированных помещений, приобретение машин и оборудования, транспортных средств, специальных устройств и приспособлений, инструментов для реализации Проекта (свыше 50% суммы Договора финансирования) | D4: 2
C5: приобретение комплектующих изделий, сырья, материалов для реализации Проекта (свыше 50% суммы Договора финансирования) | D5: 1
C6: иное (свыше 50% суммы Договора финансирования) | D6: 0
B7: региональный критерий (местонахождение субъекта МСП) | C7: регионы (за исключением г. Минска, Минского района, областных центров) | D7: 2
C8: областные центры (за исключением г. Минск) | D8: 1
C9: г. Минск, Минский район | D9: 0
B10: отраслевой критерий (отнесение вида деятельности субъекта МСП к определенной секции в соответствии с Общегосударственным классификатором Республики Беларусь «Виды экономической деятельности» | C10: секции A – F, Q | D10: 2
C11: секции H – J, R | D11: 1
C12: иные секции | D12: 0
A13: Перспективность проекта | B13: производственная кооперация | C13: наличие документов, подтверждающих поставку продукции собственного производства, оказание услуг промышленным организациям-резидентам Республики Беларусь, не являющимся субъектами МСП | D13: 2
C14: (предоставляемая финансовая поддержка должна направляться на финансирование деятельности, связанной с производством и поставкой вышеуказанной продукции, оказанием вышеуказанных услуг)
C15: наличие документально подтвержденных намерений поставок продукции собственного производства, оказания услуг промышленным организациям-резидентам Республики Беларусь, не являющимся субъектами МСП | D15: 1
C16: (предоставляемая финансовая поддержка должна направляться на финансирование деятельности, связанной с производством и поставкой вышеуказанной продукции, оказанием вышеуказанных услуг)
C17: отсутствие документов, подтверждающих поставку продукции собственного производства, оказания услуг крупным промышленным предприятиям, документально подтвержденных намерений поставок продукции собственного производства, оказания услуг промышленным организациям-резидентам Республики Беларусь, не являющимся субъектами МСП | D17: 0
B18: экспорт/ | C18: наличие экспортной выручки в размере более 30 % от общего объема выручки за год, предшествующий году обращения за финансовой поддержкой | D18: 2
C19: наличие экспортной выручки в размере от 10 до 30 % включительно от общего объема выручки за год, предшествующий году обращения за финансовой поддержкой | D19: 1
C20: отсутствие или наличие экспортной выручки в размере менее 10 % от общего объема выручки за год, предшествующий году обращения за финансовой поддержкой | D20: 0
A21: Конечный результат проекта | B21: предполагаемый размер годовой выручки на одного работника по итогам реализации проекта | C21: более 4 тыс. базовых величин | D21: 2
C22: от 2 тыс. до 4 тыс. базовых величин | D22: 1
C23: до 2 тыс. базовых величин | D23: 0
B24: предполагаемый размер годовой чистой прибыли (дохода) на одного работника по итогам реализации проекта | C24: более 0,4 тыс. базовых величин | D24: 2
C25: от 0,2 тыс. до 0,4 тыс. базовых величин | D25: 1
C26: до 0,2 тыс. базовых величин | D26: 0
A27: Планируемое привлечение средств для реализации проекта из других источников | B27: более 150 процентов от размера запрашиваемых средств | D27: 4
B28: от 100 до 150 процентов от размера запрашиваемых средств | D28: 3
B29: от 80 до 100 процентов от размера запрашиваемых средств | D29: 2
B30: от 50 до 80 процентов от размера запрашиваемых средств | D30: 1
B31: менее 50 процентов от размера запрашиваемых средств | D31: 0
A32: Создание новых рабочих мест | B32: в количестве 4 и более рабочих мест в расчете на 1 тыс. базовых величин запрашиваемых средств | D32: 4
B33: в количестве от 3 включительно до 4 рабочих мест в расчете на 1 тыс. базовых величин запрашиваемых средств | D33: 3
B34: в количестве от 2 включительно до 3 рабочих мест в расчете на 1 тыс. базовых величин запрашиваемых средств | D34: 2
B35: в количестве от 1 включительно до 2 рабочих мест в расчете на 1 тыс. базовых величин запрашиваемых средств | D35: 1
B36: в количестве менее 1 рабочего места в расчете на 1 тыс. базовых величин запрашиваемых средств | D36: 0
A37: Итого: | D37: =E4+E7+E10+E13+E18+E21+E24+E27+E32 -> 0

Sheet ПОДСКАЗКИ ДЛЯ ЗАКЛЮЧЕНИЯ 
A1: Согласно показателям, указанным в ТЭО, проект является эффективным исходя из того, что рентабельность продаж по итогам последнего года реализации проекта (____%) превышает рентабельность продаж по итогам года, предшествующего году обращения в Фонд (____%). Согласно показателям, указанным в ТЭО, проект является финансово реализуемым исходя из того, что прогнозный поток денежных средств, на протяжении всего периода реализации проекта имеет положительное значение.
